Cogmind - Beta 10.2 @@@ ROGUE MODE // 2021.11.25 @ 12:16:33 Player: ChromeKnight Result: Self-destructed Performance ------------- Evolutions (1) 500 Regions Visited (3) 600 Robots Destroyed (11) 55 Value Destroyed (170) 170 Prototype IDs (0) 0 Alien Tech Used (0) 0 Bonus (0) 0 TOTAL SCORE: 1325 Bonus ------- None Cogmind --------- Core Integrity 400/400 Matter 293/300 Energy 125/125 System Corruption 0% Temperature Cool (12) Movement Walking (120) Location -9/Materials Parts ------- > --- POWER (1) -------- Light Ion Engine > --- PROPULSION (2) --- Aluminum Leg Aluminum Leg > --- UTILITY (4) ------ Small Storage Unit Small Storage Unit > --- WEAPON (2) ------- Light Assault Rifle > --- INVENTORY (8) ---- Ion Engine Aluminum Leg Wheel Compact Wheel Heat Sink Transport Network Coupler Peak State ------------ > --- POWER ------------ Light Ion Engine > --- PROPULSION ------- Aluminum Leg Aluminum Leg > --- UTILITY ---------- Small Storage Unit Small Storage Unit > --- WEAPON ----------- Small Laser Light Assault Rifle > --- INVENTORY -------- Aluminum Leg Wheel Compact Wheel [Rating: 7] Favorites ----------- Power Light Ion Engine Engine Light Ion Engine Propulsion Aluminum Leg Leg Aluminum Leg Utility Small Storage Unit Storage Small Storage Unit Weapon Light Assault Rifle Energy Gun Small Laser Ballistic Gun Light Assault Rifle Build | -11 -10 -10 -9 ------- Run | Scr Mat Min Mat Slots Evolved 2 | . . . 2 Power . | . . . . Propulsion . | . . . . Utility 2 | . . . 2 Weapon . | . . . . Parts Attached 8 | 6 1 . 1 Power 1 | 1 . . . Engine 1 | 1 . . . Core . | . . . . Reactor . | . . . . Propulsion 2 | 2 . . . Treads . | . . . . Leg 2 | 2 . . . Wheel . | . . . . Hover . | . . . . Flight . | . . . . Utility 2 | 1 1 . . Device . | . . . . Storage 2 | 1 1 . . Processor . | . . . . Hackware . | . . . . Protection . | . . . . Artifact . | . . . . Weapon 3 | 2 . . 1 Energy Gun 2 | 1 . . 1 Energy Cannon . | . . . . Ballistic Gun 1 | 1 . . . Ballistic Cannon . | . . . . Launcher . | . . . . Special Weapon . | . . . . Impact Weapon . | . . . . Slashing Weapon . | . . . . Piercing Weapon . | . . . . Special Melee Weapon . | . . . . Unidentified Prototypes . | . . . . Parts Lost 2 | . . . 2 Power . | . . . . Propulsion . | . . . . Utility . | . . . . Weapon 2 | . . . 2 Highest Loss Streak 2 | . . . 2 Average Slot Usage (%) 94 | . 93 100 77 Engine 13 | . 14 14 11 Leg 27 | . 28 28 22 Storage 25 | . 21 28 22 Energy Gun 13 | . 14 14 11 Ballistic Gun 13 | . 14 14 11 Naked Turns . | . . . . Heaviest Build 13 | 9 13 13 13 Greatest Support 20 | 20 20 20 20 Greatest Overweight (x) 2 | 2 . . . Average Overweight (x) . | . . . . Largest Inventory Capacity 8 | 6 8 8 8 Average Capacity 7 | 5 7 8 8 Most Carried 7 | 2 7 7 7 Average Carried 5 | . 4 7 6 Final Capacity 8 | 6 8 8 8 Final Carried 7 | 2 7 7 6 Class Distribution -------------------- 100% | Mutant Dominant Class ---------------- Mutant | -10/Materials Mutant | -10/Mines Mutant | -9/Materials Resources | -11 -10 -10 -9 ----------- Run | Scr Mat Min Mat Matter Collected 309 | 242 62 . 5 Remotely . | . . . . Salvage Created 492 | . 418 . 74 Parts 20 | . 15 . 5 Haulers Intercepted 1 | . 1 . . Recyclers Shooed 3 | . 3 . . Parts Field Recycled . | . . . . Retrieved Matter . | . . . . Parts Self-Destructed . | . . . . Prevented . | . . . . Kills | -11 -10 -10 -9 ------- Run | Scr Mat Min Mat Combat Hostiles Destroyed 6 | . 5 . 1 Guns 6 | . 5 . 1 Classes Destroyed 6 | . 4 . 2 Tunneler 1 | . . . 1 Hauler 1 | . 1 . . Recycler 3 | . 3 . . Swarmer 3 | . 3 . . Grunt 2 | . 2 . . Sentry 1 | . . . 1 Best Kill Streak 3 | . 3 . 1 Combat Bots Only 3 | . 3 . 1 Max Kills in Single Turn 1 | . 1 . 1 Gunslinging . | . . . . Exploded . | . . . . Melee . | . . . . Uniques/NPCs Destroyed . | . . . . Combat | -11 -10 -10 -9 -------- Run | Scr Mat Min Mat Damage Taken 262 | . 122 . 140 Core 14 | . 14 . . Absorbed by Shields . | . . . . Core Remaining (%) 97 | 100 . 94 . Volleys Fired 43 | . 35 1 7 Largest 2 | . 2 2 2 Hottest 60 | . 60 60 60 Shots Fired 76 | . 61 2 13 Gun 76 | . 61 2 13 Cannon . | . . . . Launcher . | . . . . Special . | . . . . Kinetic 43 | . 35 1 7 Thermal 33 | . 26 1 6 Explosive . | . . . . Electromagnetic . | . . . . Robot Hit Streak 9 | . 9 1 5 Robot Miss Streak 4 | . 4 1 2 Penetration Max . | . . . . Secondary Targets 1 | . . . 1 Max Gunslinging Chain 1 | . . . 1 Shots Hit Robots 44 | . 35 1 8 Core Hits 21 | . 17 . 4 Critical Hits . | . . . . Critical Kills . | . . . . Critical Parts Destroyed . | . . . . Melee Attacks . | . . . . Impact . | . . . . Slashing . | . . . . Piercing . | . . . . Sneak Attacks . | . . . . Combat Hostiles . | . . . . Follow-up Attacks . | . . . . Damage Inflicted 469 | . 369 12 88 Guns 469 | . 369 12 88 Cannons . | . . . . Explosions . | . . . . Melee . | . . . . Ramming . | . . . . Kinetic 180 | . 147 . 33 Thermal 289 | . 222 12 55 Explosive . | . . . . Electromagnetic . | . . . . Impact . | . . . . Slashing . | . . . . Piercing . | . . . . Highest Corruption . | . . . . Average Corruption . | . . . . Corruption Purged . | . . . . Overload Shots . | . . . . Overflow Damage . | . . . . Projectiles . | . . . . Explosions . | . . . . Melee . | . . . . Knockbacks . | . . . . Impact . | . . . . Kinetic . | . . . . Secondary . | . . . . Self-Inflicted Damage . | . . . . Shots . | . . . . Rammed . | . . . . Targets Rammed . | . . . . Kicked . | . . . . Crushed . | . . . . Highest Temperature 46 | . 46 20 28 Average Temperature 18 | . 19 15 13 Received Heat Transfer 81 | . 18 . 63 Siege Activations . | . . . . Robots Corrupted . | . . . . Combat Hostiles . | . . . . Parts Fried . | . . . . Impact Corruptions . | . . . . Robots Melted . | . . . . Combat Hostiles . | . . . . Parts Melted . | . . . . Heat Transferred 650 | . 500 25 125 Parts Sabotaged . | . . . . Parts Stolen . | . . . . Parts Stripped . | . . . . Power Chain Reactions . | . . . . Missiles Intercepted . | . . . . Alert | -11 -10 -10 -9 ------- Run | Scr Mat Min Mat Peak Influence 166 | . 166 64 45 Initial 64 | . . 64 . Average 47 | . 77 45 15 Maximum Alert Level . | . . . . Low Security (%) 100 | 100 100 100 100 Level 1 . | . . . . Level 2 . | . . . . Level 3 . | . . . . Level 4 . | . . . . Level 5 . | . . . . High Security . | . . . . Max Security . | . . . . Squads Dispatched . | . . . . Investigation . | . . . . Extermination . | . . . . Reinforcement . | . . . . Assault . | . . . . Garrison . | . . . . Intercept . | . . . . Construction Impeded . | . . . . Haulers Reinforced . | . . . . Stealth | -11 -10 -10 -9 --------- Run | Scr Mat Min Mat Distress Signals . | . . . . Communications Jammed . | . . . . Distress Signals . | . . . . Times Spotted 14 | . 11 . 3 Peak Tracking Total 3 | . 3 . 2 Tactical Retreats . | . . . . Traps | -11 -10 -10 -9 ------- Run | Scr Mat Min Mat Traps Triggered . | . . . . Indirectly . | . . . . Trap Hack Attempts . | . . . . Triggered . | . . . . Disarmed . | . . . . Reprogrammed . | . . . . Reused . | . . . . Traps Extracted . | . . . . Installed . | . . . . Triggered . | . . . . Machines | -11 -10 -10 -9 ---------- Run | Scr Mat Min Mat Machines Disabled . | . . . . Max in Single Turn . | . . . . Machines Sabotaged . | . . . . Garrisons Compromised . | . . . . Overloaded Fab Kills . | . . . . Fab Network Shutdowns . | . . . . Hacking | -11 -10 -10 -9 --------- Run | Scr Mat Min Mat Machines Accessed 4 | . 2 . 2 Terminals 4 | . 2 . 2 Fabricators . | . . . . Repair Stations . | . . . . Recycling Units . | . . . . Scanalyzers . | . . . . Garrison Access . | . . . . Total Hacks 12 | . 6 . 6 Successful 9 | . 5 . 4 Failed 3 | . 1 . 2 Catastrophic 1 | . . . 1 Database Lockouts . | . . . . Manual 12 | . 6 . 6 Terminals 12 | . 6 . 6 Fabricators . | . . . . Repair Stations . | . . . . Recycling Units . | . . . . Scanalyzers . | . . . . Garrison Access . | . . . . Terminal Hacks . | . . . . Fabricator Hacks . | . . . . Repair Station Hacks . | . . . . Recycling Unit Hacks . | . . . . Scanalyzer . | . . . . Garrison Access Hacks . | . . . . Unauthorized Hacks 9 | . 5 . 4 Terminals 9 | . 5 . 4 Track 3 | . 1 . 2 Assimilate 2 | . 2 . . Botnet 4 | . 2 . 2 Fabricators . | . . . . Repair Stations . | . . . . Recycling Units . | . . . . Scanalyzers . | . . . . Garrison Access . | . . . . Data Cores Recovered . | . . . . Used . | . . . . Hacking Detections 2 | . 1 . 1 Full Trace Events 1 | . 1 . . Feedback Events . | . . . . Feedback Blocked . | . . . . Robot Schematics Acquired . | . . . . Robots Built . | . . . . Matter . | . . . . Time . | . . . . Total Robot Build Rating . | . . . . Part Schematics Acquired . | . . . . Parts Built . | . . . . Matter . | . . . . Time . | . . . . Total Part Build Rating . | . . . . Parts Repaired . | . . . . Time . | . . . . Parts Recycled . | . . . . Recycled Matter . | . . . . Retrieved Matter . | . . . . Retrieved Components . | . . . . Parts Scanalyzed . | . . . . Part Schematics Acquired . | . . . . Parts Damaged . | . . . . Bothacking | -11 -10 -10 -9 ------------ Run | Scr Mat Min Mat Used RIF Installer . | . . . . Robots Hacked . | . . . . Non-combat . | . . . . Combat . | . . . . Robot Hacks Applied . | . . . . Relay Couplers Released . | . . . . Robots Rewired . | . . . . Allies Hacked . | . . . . Hacks Repelled . | . . . . Allies | -11 -10 -10 -9 -------- Run | Scr Mat Min Mat Total Allies 3 | . 2 1 . Largest Group 3 | . 2 3 2 Highest-Rated Group 51 | . 20 51 20 Highest-Rated Ally 31 | . 10 31 10 Total Orders 7 | . 2 3 2 STAY 3 | . 1 1 1 FOLLOW 4 | . 1 2 1 Ally Attacks . | . . . . Total Damage . | . . . . Kills . | . . . . Allies Corrupted . | . . . . Allies Melted . | . . . . Intel | -11 -10 -10 -9 ------- Run | Scr Mat Min Mat Robot Analysis Total . | . . . . Derelict Logs Recovered 1 | . . 1 . Drone Launches . | . . . . Drone Recoveries . | . . . . Exploration | -11 -10 -10 -9 ------------- Run | Scr Mat Min Mat Turns Passed 1125 | 69 319 562 175 Spaces Moved 807 | 50 178 467 112 Core 7 | 7 . . . Treads . | . . . . Legs 800 | 43 178 467 112 Wheels . | . . . . Hover . | . . . . Flight . | . . . . Fastest Speed 50 | 50 120 120 120 Average Speed 119 | 117 120 120 120 Slowest Speed 150 | 150 120 120 120 Overloaded Moves . | . . . . Propulsion Burnouts . | . . . . Robots Hopped . | . . . . Cave-ins Triggered . | . . . . Exploration Rate (%) 28 | 3 38 63 11 Regions Visited 3 Branch Regions 1 Pre-discovered Areas . | . . . . Known Exits Taken . | . . . . Unknown Exits Taken 3 | 1 1 1 . Scrap Searched . | . . . . Spaces Dug . | . . . . Terrain Destroyed . | . . . . Melee . | . . . . Projectile . | . . . . AOE . | . . . . Terrain Rammed . | . . . . Walls Destroyed . | . . . . Machines Disabled . | . . . . Actions | -11 -10 -10 -9 --------- Run | Scr Mat Min Mat Total 894 | 57 229 467 141 Wait 32 | . 11 . 21 Move 804 | 49 177 466 112 Hop . | . . . . Pick Up 7 | 2 5 . . Fast Attach 7 | 6 1 . . Attach 1 | . . . 1 Detach . | . . . . Swap . | . . . . Drop . | . . . . Fire 43 | . 35 1 7 Melee . | . . . . Ram . | . . . . Kick . | . . . . Crush . | . . . . Escape Stasis . | . . . . Rewire . | . . . . Trap . | . . . . Miscellaneous . | . . . . Route ------- -11/Scrapyard -10/Materials -10/Mines -9/Materials (discovered 1 exit: Mat) History --------- Turn | Location | Event 13 | -11/Scrapyard | Discovered new exit (range 16) 70 | -11/Scrapyard | Entered Materials 310 | -10/Materials | Build established: Mutant 365 | -10/Materials | Discovered new exit (range 15) 389 | -10/Materials | Entered Mines 389 | -10/Mines | Accompanied by 2 allies 392 | -10/Mines | Received a Mining Laser from a helpful Derelict 503 | -10/Mines | Learned 2 Materials zone layouts 541 | -10/Mines | Discovered new exit (range 15) 951 | -10/Mines | Entered Materials 951 | -9/Materials | Accompanied by 2 allies 951 | -9/Materials | Evolved 2 slots: Utility x2 952 | -9/Materials | Identified exit to Materials 1126 | -9/Materials | Self-destructed Last Messages --------------- Awaiting botnet instructions. 01004_ Connecting with Terminal... >>Trojan(Botnet) Trojan loaded successfully. Testing... Terminal linked with 1 system. Awaiting botnet instructions. >>Trojan(Track) Trojan loaded successfully. Testing... Tracking enabled and active. 01022_ Connecting with Terminal... 01063_ Y-45 Defender destroyed. 01066_ Acquired 5 matter. 01069_ K-01 Serf collects debris. 01104_ T-07 Excavator destroyed. 01104_ Switching to secondary target: G-34 Mercenary. 01105_ Sml. Laser destroyed. 01124_ R-06 Scavenger collects Hover Unit. 01124_ R-06 Scavenger collects Lgt. Ion Engine. Map ----- +----------------------------------------------------+ | ?????????????????????????????????????????????????? | | ?????????????????????????????????????????????????? | | ?????????????????????????????????????????????????? | | ?????????????????????????????????????????????????? | | ?????????????????????????????????????????????????? | | ?????????????????????????????????????????????????? | | ?????????????????????????????????????????????????? | | ?????????????????????????????????????????????????? | | ?????????????????????????????????????????????????? | | ?????????????????????????????????????????????????? | | ?????????????????????????????????????????????????? | | ?????????????????????????????????? ??????????????? | | ????????????????????????????????? ????????????? | | ???????????????????????????????? ?????????????? | | ???????????????????????????????? ?????????????? | | ??????????????????????????????? a"?????????????? | | ????????????????????????#######] "?????????????? | | ????????????????????????# # ??????????????? | | ????????????????????????# u % ???????????????? | | ????????????????????????# ????????????????? | | ????????????????????????# ?????????????????? | | ????????????????????????? #??????????????????? | | ??????????????????######## #???????????????????? | | ??????????????????# """ # #?###########???????? | | ??????????????????# "Y" # u #?# """ #???????? | | ??????????????????# @ g #?# "T" #???????? | | ??????????????????# #gr #?# """ #???????? | | ??????????????????# # r #?# """ #???????? | | ??????????????????#! #% #?# """ #???????? | | ??????????????????######## #?# """ ######### | | ?????????????????????????# #?# # [ # | | ?????????????????????????# !#?# # """ # | | ?????????????????????????# !%#########+### """ # | | ?????????????????????????# # """ # | | ???????????????????####### ####### # # | | ???????????????????# #?????# T + """ # | | ???????????????????# ######+#####??# # """ # | | ???????????????????# #?? #??# # """ # | | ???????????????????# #?? #??## ## # | | ???????????????????# #?? #???# ## # | | ???????????????????# #? #???# ## # | | ???????????????????# ## #???# ########## | | ???????????????????# ## """ """ #???# #????????? | | ???????????????????# ## """ """ ##### #????????? | | ???????????????????# +??"" """ + #????????? | | ???????????????????? ???############ #????????? | | ???????????????????? ??????????????# #????????? | | ???????????????????? ??????????????# #????????? | | ???????????????????? ??????????????# #????????? | | ???????????????????? ??????????????# #????????? | +----------------------------------------------------+ Best States ------------- Heat Dissipation 28 Energy Generation 10 Energy Capacity 125 Matter Stores 300 Matter Capacity 300 Sight Range 16 Terrain Scan Density 10 Evasion (%) 40 Item Schematics ----------------- None Robot Schematics ------------------ None Fabricated ------------ Nothing Alien Tech Used ----------------- None Achievements -------------- None Challenges ------------ None Game ------ Seed UtilityAlloyDrive Manual? 0 Play Time 00:10:02 Cumulative 234.5 hours Start 2021.06.11 @ 17:08:11 End 2021.11.25 @ 12:16:33 Sessions 3 Manual Loads 0 Difficulty Rogue Special Mode None Game No. 447 Rogue 292 Adventurer 148 Explorer 7 Win Type - Total 10 Types 8/0/1/1/0/0/0/0/0 Lore% 75 Gallery% 87 Achievement% 65 Wizard Run 0 Options --------- ASCII 0 Keyboard 0 Movement Numpad Keybinds 0 Fullscreen 1 Font 18/SmallcapsGlow Map View 76x50 Tactical HUD 1 Map Filters NONE Filters NONE Steam 1 RUN: 37cfaa76-fef6-4a0d-a910-a3ac17d6e9c1